 Dungeon Crawl Stone Soup version 0.17-a0-226-ge260c71 (webtiles) character file.

30984 HAL9000jb the Protected (level 13, 0/104 HPs)
             Began as a Human Berserker on Mar 27, 2015.
             Was a High Priest of Trog.
             Succumbed to Nessos' poison
             ... on level 13 of the Dungeon on Mar 28, 2015.
             The game lasted 05:47:23 (23835 turns).

HAL9000jb the Protected (Human Berserker)          Turns: 23835, Time: 05:47:23

Health: 0/104      AC: 17    Str: 26      XL:     13   Next: 92%
Magic:  1/17       EV: 12    Int:  5 (7)  God:    Trog [*****.]
Gold:   758        SH:  0    Dex: 15      Spells: 0 memorised, 12 levels left

rFire  . . .     SeeInvis +     Y - +4 great sword "Murmur" {flame, rPois Str+5 Stlth-}
rCold  . . .     Clarity  .     T - +0 plate armour {MR+}
rNeg   . . .     SustAb   .     (no shield)
rPois  +         Gourm    .     n - +0 helmet
rElec  +         Spirit   +     y - +0 cloak {MR+}
rCorr  .         Warding  .     (no gloves)
rMut   .         Stasis   .     (no boots)
MR     +++..                    D - amulet of guardian spirit
Stlth  ..........               F - +1 ring of evasion
                                N - ring of Awe {rElec MR+ SInv Stlth-}

@: lethally poisoned (0 -> -24), extremely resistant to hostile enchantments,
extremely unstealthy
A: no striking features
a: Burn Spellbooks, Berserk, Trog's Hand, Brothers in Arms, Renounce Religion


You were on level 13 of the Dungeon.
You worshipped Trog.
Trog was extremely pleased with you.
You were not hungry.

You visited 3 branches of the dungeon, and saw 16 of its levels.
You also visited: Labyrinth and Sewer.

You collected 1402 gold pieces.
You spent 644 gold pieces at shops.

Inventory:

Hand weapons
 d - a +3 scimitar of draining
 s - a +1 long sword of slicing
 I - a +4 longbow of evasion
 K - the +2 trident of Kiggilev {flame, rN++ Str+5}
   (You found it on level 6 of the Dungeon)

   It has been specially enchanted to burn those struck by it, causing extra
   injury to most foes and up to half again as much damage against particularly
   susceptible opponents.
   It affects your strength (+5).
   It greatly protects you from negative energy.
 O - a +0 vampiric battleaxe
 U - a +5 scimitar of holy wrath
 Y - the +4 great sword "Murmur" (weapon) {flame, rPois Str+5 Stlth-}
   (You found it on level 11 of the Dungeon)

   It has been specially enchanted to burn those struck by it, causing extra
   injury to most foes and up to half again as much damage against particularly
   susceptible opponents.
   Big, fiery blades are also staple armaments of hydra-hunters.
   It affects your strength (+5).
   It protects you from poison.
   It makes you less stealthy.
 Z - a +5 falchion of distortion
Missiles
 a - 14 arrows of frost
 f - 3 poisoned javelins
 p - 14 poisoned arrows
 x - 4 javelins of returning (quivered)
 X - 12 arrows of flame
Armour
 e - a +2 buckler
 g - the +3 leather armour of Shadows and Fog {Str+6}
   (You found it on level 11 of the Dungeon)

   It affects your strength (+6).
 h - a +2 plate armour
 n - a +0 helmet (worn)
 y - a +0 cloak of magic resistance (worn)
 T - a +0 plate armour of magic resistance (worn)
Jewellery
 c - an uncursed ring of ice
 u - a +2 ring of strength {unknown}
 w - an uncursed amulet of clarity {unknown}
 A - an uncursed amulet of rage
 C - an uncursed ring of positive energy
 D - an amulet of guardian spirit (around neck)
 F - a +1 ring of evasion (right hand)
 N - the ring of Awe (left hand) {rElec MR+ SInv Stlth-}
   (You took it off a crimson imp on level 6 of the Dungeon)

   [ring of protection from magic]

   It insulates you from electricity.
   It affects your resistance to hostile enchantments.
   It enhances your eyesight.
   It makes you less stealthy.
Magical devices
 j - a wand of frost (25)
 k - a wand of disintegration (2)
 m - a wand of frost (18)
 t - a wand of paralysis (9)
 v - a wand of slowing (11)
 E - a wand of confusion (7)
 J - a wand of paralysis (7)
 L - a wand of random effects (11)
 P - a wand of confusion (7)
 S - a wand of frost (14)
Scrolls
 r - a scroll of magic mapping
 z - 2 scrolls of fear
 B - a scroll of brand weapon
 R - 2 scrolls of immolation
 V - a scroll of teleportation
Potions
 b - 2 potions of might
 i - a potion of restore abilities
 l - 2 potions of curing
 G - 4 potions of flight
 H - a potion of agility
 Q - a potion of brilliance
 W - 2 potions of ambrosia
Miscellaneous
 M - a lantern of shadows
Comestibles
 o - a bread ration
 q - a meat ration


   Skills:
 + Level 10.7 Fighting
   Level 4.7(8.4) Short Blades
 + Level 10.7(11.1) Long Blades
 + Level 3.7 Polearms
   Level 1.2(6.2) Slings
 + Level 4.3 Bows
 + Level 9.7 Throwing
 + Level 10.9 Armour
 + Level 6.5 Dodging
 + Level 1.6 Stealth
 + Level 2.1 Evocations


You had 12 spell levels left.
You didn't know any spells.

Dungeon Overview and Level Annotations

Branches:
Dungeon (13/15)            Temple (1/1) D:4            Lair (2/8) D:11
    Orc (0/4) D:12         Vaults (0/5) D:13

Altars:
Ashenzari
Cheibriados
Dithmenos
Elyvilon
Fedhas
Gozag
Kikubaaqudgha
Makhleb
Nemelex Xobeh
Okawaru
Qazlal
Ru
Sif Muna
Trog
Vehumet
Xom
Yredelemnul
Zin
The Shining One
Beogh

Shops:
D:6 =   D:8 =   D:9 !

Portals:
Trove: D:13 (give 18 potions of curing)

Annotations:
D:13 Nessos


Message History

Nessos is severely wounded.
Nessos hits you.
* * * LOW HITPOINT WARNING * * *
Nessos hits you but does no damage.
You closely miss Nessos.
Nessos is severely wounded.
Nessos closely misses you.
Nessos blinks!
Nessos wields an uncursed longbow of flaming.
It bursts into flame!
Nessos shoots a poisoned arrow.
The poisoned arrow hits you!!
* * * LOW HITPOINT WARNING * * *
The poisoned arrow burns you.
* * * LOW HITPOINT WARNING * * *
You are lethally poisoned!
Nessos shoots a poisoned arrow.
The poisoned arrow hits you.
* * * LOW HITPOINT WARNING * * *
The poisoned arrow burns you.
* * * LOW HITPOINT WARNING * * *
You see here a poisoned arrow.
You die...

#.# #.##.## #.#######.# #.#.
#.# #.##.# #.# #.# #..# #.#
#.##.####.#######.#####.#. #.#
#.##..................#### #.#
#.######...#########...... #.#
#.# #...# #...... #.###.#
#...# #.##### #.....# ##.##
#.##.#. ####..# #@# ###.##..#
#..#######(# #....#.#.
#.c......(.# #.#.##..#
#.#######((# #.#.##... #.#
#..# #)#.#####
####.#######(.########.#.#####
#..............>......#.......
#(##########........##.###.###
####.# #...#######.....#


There were no monsters in sight!

Vanquished Creatures
  A minotaur (Lab)
  Fannar (D:13)
  2 hydras
  Erica (D:13)
  A centaur warrior (D:13)
  A deep elf knight (D:13)
  Erolcha (D:13)
  An unseen horror (D:13)
  A hill giant (D:12)
  A manticore (D:13)
  2 ugly things
  2 deep elf conjurers (D:13)
  A sixfirhy (D:13)
  A cyclops (D:13)
  Maurice (D:11)
  5 gargoyles (Lab)
  2 centaur skeletons
  3 kobold demonologists (D:13)
  A yaktaur (D:13)
  An efreet (D:13)
  2 deep elf priests (D:13)
  2 trolls
  8 slime creatures (D:12)
  Grinder (D:3)
  A minotaur skeleton (Lab)
  4 two-headed ogres
  A basilisk (D:12)
  A trapdoor spider (D:12)
  9 deep elf fighters (D:13)
  4 yaks (D:10)
  3 hippogriffs
  2 shadows
  4 wolves (D:12)
  A chaos spawn (D:13)
  Grum (D:12)
  The ghost of karlm the Conjurer, an average NaWz (Sewer)
  3 wraiths (D:9)
  8 vampire mosquitoes
  3 deep elf magi
  2 hungry ghosts
  4 wargs (D:12)
  A mottled dragon (D:11)
  3 soldier ants
  13 orc warriors
  An eye of draining (D:12)
  A wasp (D:10)
  A water moccasin (Lair:1)
  4 phantoms
  4 black bears
  A necrophage (D:13)
  3 ice beasts
  A sky beast (D:9)
  10 ogres
  12 centaurs
  6 giant frogs
  A brain worm (D:13)
  An elf zombie (D:9)
  A wyvern zombie (D:10)
  13 big kobolds
  A scorpion (D:8)
  A troll zombie (D:9)
  12 killer bees
  2 quasits
  6 crimson imps
  4 electric eels
  3 goliath beetles
  2 centaur zombies
  3 giant frog skeletons
  6 hounds
  6 human zombies (D:9)
  5 jellies
  3 giant frog zombies
  4 orc priests
  A gnoll shaman (D:8)
  11 orc wizards
  A human skeleton (D:9)
  6 iguanas
  10 worker ants
  Ijyb (D:2)
  3 hound zombies
  A mummy (D:11)
  2 worker ant zombies (D:8)
  Robin (D:2)
  15 river rats (Lair:1)
  12 adders
  6 gnolls
  2 giant mites
  8 shadow imps
  A white imp (Sewer)
  8 worms
  2 adder zombies
  7 giant geckos
  8 oozes
  77 orcs
  A bat skeleton (D:7)
  38 goblins
  23 hobgoblins
  28 jackals
  34 kobolds
  6 quokkas
  4 ball pythons
  24 bats
  10 giant cockroaches
  2 giant gecko zombies (D:7)
  8 giant newts
  2 quokka skeletons
  A quokka zombie (D:6)
  16 rats
  A ballistomycete (D:9)
  2 bushes (D:1)
  2 plants (D:1)
615 creatures vanquished.

Vanquished Creatures (collateral kills)
  A deep elf priest (D:13)
  5 killer bees
  4 river rats (Lair:1)
  2 orcs (D:9)
  A fungus (Lair:1)
13 creatures vanquished.

Vanquished Creatures (others)
  A troll (D:10)
  A slime creature (D:13)
  A deep elf fighter (D:13)
  A wyvern zombie (D:13)
  A scorpion (D:13)
  An orc (D:9)
  A goblin (D:4)
  A giant spore (D:9)
  A fungus (Lair:1)
  A plant (D:6)
10 creatures vanquished.

Grand Total: 638 creatures vanquished

Notes
Turn   | Place    | Note
--------------------------------------------------------------
     0 | D:1      | HAL9000jb, the Human Berserker, began the quest for the Orb.
     0 | D:1      | Reached XP level 1. HP: 18/18 MP: 1/1
   171 | D:1      | Reached XP level 2. HP: 21/24 MP: 2/2
  1115 | D:1      | Reached XP level 3. HP: 29/29 MP: 3/3
  1776 | D:1      | Acquired Trog's second power
  1784 | D:1      | Reached XP level 4. HP: 32/35 MP: 4/4
  1976 | D:2      | Noticed Robin
  2116 | D:2      | Killed Robin
  2320 | D:2      | Reached XP level 5. HP: 41/41 MP: 5/5
  2879 | D:2      | Noticed Ijyb
  2896 | D:2      | Killed Ijyb
  3726 | D:3      | Reached skill level 1 in Short Blades
  3844 | D:3      | Reached skill level 1 in Slings
  3844 | D:3      | Reached XP level 6. HP: 43/48 MP: 6/6
  3956 | D:3      | Noticed an ice beast
  3996 | D:3      | Killed an ice beast
  3996 | D:3      | Reached skill level 4 in Fighting
  4154 | D:3      | Noticed an ogre
  4161 | D:3      | Killed an ogre
  4161 | D:3      | Reached skill level 1 in Throwing
  4161 | D:3      | Reached skill level 1 in Stealth
  4434 | D:3      | Reached XP level 7. HP: 54/54 MP: 7/7
  4504 | D:3      | Acquired Trog's third power
  4637 | D:3      | Noticed Grinder
  4670 | D:3      | Paralysed by Grinder for 7 turns
  4691 | D:3      | Killed Grinder
  5378 | D:4      | Received a gift from Trog
  5864 | D:4      | Reached XP level 8. HP: 51/61 MP: 8/8
  6058 | D:4      | Found a stormy altar of Qazlal.
  6058 | D:4      | Found a burning altar of Makhleb.
  6083 | D:4      | Found a staircase to the Ecumenical Temple.
  6103 | Temple   | Entered the Ecumenical Temple
  6445 | D:5      | Entered Level 5 of the Dungeon
  6571 | D:5      | Found a glowing drain.
  6632 | Sewer    | Entered a sewer
  6640 | Sewer    | Noticed karlm's ghost (average NaWz)
  6674 | Sewer    | Killed karlm's ghost
  6674 | Sewer    | Reached skill level 5 in Fighting
  7508 | Sewer    | Gained mutation: You are covered in fur (AC +1). [potion of mutation]
  7508 | Sewer    | Gained mutation: You have a pair of small antennae on your head. [potion of mutation]
  8019 | D:5      | Reached skill level 1 in Evocations
  8230 | D:5      | Reached skill level 5 in Armour
  8787 | D:6      | Reached XP level 9. HP: 62/68 MP: 10/10
 10339 | D:6      | Got an iridescent trident
 10340 | D:6      | Identified the +2 trident of Kiggilev {flame, rN++ Str+5} (You found it on level 6 of the Dungeon)
 10433 | D:6      | Found Kiutug's Jewellery Shop.
 10439 | D:6      | Got a vibrating brass ring
 10877 | D:7      | Reached skill level 1 in Bows
 11544 | D:7      | Reached skill level 6 in Armour
 11582 | D:7      | Reached skill level 1 in Polearms
 13173 | D:8      | Received a gift from Trog
 13203 | D:8      | Identified the ring of Awe {rElec MR+ SInv Stlth-} (You took it off a crimson imp on level 6 of the Dungeon)
 13219 | D:8      | Reached skill level 5 in Throwing
 13278 | D:8      | Reached XP level 10. HP: 52/76 MP: 8/12
 13322 | D:8      | Found Lifyar's Jewellery Shoppe.
 13561 | D:8      | Reached skill level 7 in Throwing
 14097 | D:8      | Received a gift from Trog
 14278 | D:9      | Found a shimmering altar of Xom.
 14384 | D:9      | Found a shimmering altar of Xom.
 14384 | D:9      | Found a shimmering altar of Xom.
 14384 | D:9      | Found a shimmering altar of Xom.
 14847 | D:9      | Found Tauq's Distillery.
 14860 | D:9      | Reached skill level 5 in Long Blades
 15347 | D:9      | Bought a potion of heal wounds for 70 gold pieces
 15347 | D:9      | Bought a potion of cure mutation for 490 gold pieces
 15347 | D:9      | Lost mutation: You are covered in fur (AC +1). [potion of cure mutation]
 15347 | D:9      | Lost mutation: You have a pair of small antennae on your head. [potion of cure mutation]
 15480 | D:9      | Reached XP level 11. HP: 72/84 MP: 13/13
 15858 | D:9      | Received a gift from Trog
 16139 | D:9      | Reached skill level 5 in Dodging
 16187 | D:9      | Reached skill level 8 in Armour
 16220 | D:9      | Found a basalt altar of Yredelemnul.
 16253 | D:9      | Bought a potion of curing for 42 gold pieces
 16253 | D:9      | Bought a potion of curing for 42 gold pieces
 16381 | D:10     | Entered Level 10 of the Dungeon
 16473 | D:10     | Received a gift from Trog
 16490 | D:10     | Found a roughly hewn altar of Beogh.
 16548 | D:10     | Received a gift from Trog
 17732 | D:11     | Noticed a cyan ugly thing
 17763 | D:10     | Killed a cyan ugly thing
 18034 | D:11     | Found a staircase to the Lair.
 18043 | Lair:1   | Entered Level 1 of the Lair of Beasts
 18170 | Lair:1   | Noticed a six-headed hydra
 18180 | Lair:1   | Killed a ten-headed hydra
 18189 | Lair:1   | Received a gift from Trog
 18855 | D:11     | Upgraded the game from 0.17-a0-186-g8d083fd to 0.17-a0-226-ge260c71
 18927 | D:11     | Got a faintly glowing great sword
 18928 | D:11     | Identified the +4 great sword "Murmur" {flame, rPois Str+5 Stlth-} (You found it on level 11 of the Dungeon)
 19068 | D:11     | Got a faintly humming leather armour
 19110 | D:11     | Noticed Maurice
 19117 | D:11     | Paralysed by Maurice for 2 turns
 19121 | D:11     | Killed Maurice
 19121 | D:11     | Reached skill level 9 in Armour
 19226 | D:12     | Reached XP level 12. HP: 82/94 MP: 14/14
 19257 | D:12     | Found a staircase to the Orcish Mines.
 19419 | D:12     | Found a labyrinth entrance.
 19460 | Lab      | Entered a labyrinth
 20323 | Lab      | Noticed a minotaur
 20329 | Lab      | Killed a minotaur
 20594 | D:12     | Noticed Grum
 20617 | D:12     | Killed Grum
 20819 | D:12     | Received a gift from Trog
 21238 | D:12     | Reached skill level 10 in Armour
 21646 | D:13     | Reached XP level 13. HP: 101/101 MP: 17/17
 21729 | D:13     | Received a gift from Trog
 21872 | D:13     | Identified the +3 leather armour of Shadows and Fog {Str+6} (You found it on level 11 of the Dungeon)
 21897 | D:13     | Noticed Erica
 21905 | D:13     | Killed Erica
 21926 | D:13     | Found a portal to a secret trove of treasure.
 22134 | D:13     | Reached skill level 10 in Long Blades
 22173 | D:13     | Noticed Erolcha
 22179 | D:13     | Killed Erolcha
 22179 | D:13     | Received a gift from Trog
 22179 | D:13     | Reached skill level 10 in Fighting
 22258 | D:13     | Noticed a deep elf knight
 22273 | D:13     | Killed a deep elf knight
 22317 | D:13     | HP: 5/103 [vampire mosquito (8)]
 22331 | D:13     | HP: 5/103 [vampire mosquito (7)]
 22469 | D:13     | Noticed a centaur warrior
 22477 | D:13     | Killed a centaur warrior
 22956 | D:13     | Found a gate to the Vaults.
 22978 | D:13     | Noticed a five-headed hydra
 22986 | D:13     | Killed a three-headed hydra
 23155 | D:13     | Noticed Fannar
 23168 | D:13     | Killed Fannar
 23817 | D:13     | Noticed Nessos
 23834 | D:13     | HP: 3/104 [Nessos/poisoned arrow (3)]
 23835 | D:13     | Succumbed to Nessos' poison

Action                   |  1- 3 |  4- 6 |  7- 9 | 10-12 | 13-15 || total
-------------------------+-------+-------+-------+-------+-------++-------
Melee: Falchion          |   499 |    36 |       |       |       ||   535
       Short sword       |       |   282 |   579 |       |       ||   861
       Whip              |       |     5 |       |       |       ||     5
       Trident           |       |       |   182 |    85 |       ||   267
       Scimitar          |       |       |    28 |   727 |     1 ||   756
       Great sword       |       |       |       |   192 |   161 ||   353
 Fire: Hunting sling     |       |    18 |       |       |       ||    18
       Shortbow          |       |       |     9 |       |       ||     9
       Longbow           |       |       |       |    80 |    23 ||   103
Throw: Stone             |    37 |    10 |     1 |       |       ||    48
       Tomahawk          |       |    10 |    94 |    50 |       ||   154
       Javelin           |       |       |    67 |    58 |    54 ||   179
Invok: Berserk           |     6 |     3 |     2 |     3 |       ||    14
       Trog's Hand       |       |     1 |     3 |       |       ||     4
       Burn Spellbooks   |       |     1 |     3 |     4 |       ||     8
       Brothers in Arms  |       |       |       |     3 |     1 ||     4
Evoke: Wand              |       |     1 |     4 |     6 |     2 ||    13
  Use: Scroll            |     2 |     6 |    17 |    14 |     7 ||    46
       Potion            |     2 |     5 |     7 |     5 |     4 ||    23
 Stab: Invisible         |       |     2 |       |       |     1 ||     3
  Eat: Bread ration      |     1 |       |     2 |     3 |       ||     6
       Chunk             |     5 |    11 |    13 |     8 |       ||    37
       Royal jelly       |       |     1 |       |     1 |       ||     2
       Pizza             |       |       |     1 |     1 |     1 ||     3
       Fruit             |       |       |     4 |     1 |       ||     5
       Meat ration       |       |       |     1 |     1 |     1 ||     3
       Beef jerky        |       |       |       |     1 |     1 ||     2
